 Dungeon Crawl Stone Soup version 0.26.1-10-gdfb7c7de75 (webtiles) character file.

Game seed: 13222449836633239326

107 phalm the Shield-Bearer (level 4, -1/29 HPs)
             Began as a Gargoyle Fighter on Apr 2, 2021.
             Killed from afar by an orc wizard (9 damage)
             ... with a puff of frost
             ... on level 3 of the Dungeon.
             The game lasted 00:02:43 (1809 turns).

phalm the Shield-Bearer (Gargoyle Fighter)          Turns: 1809, Time: 00:02:44

Health: -1/29      AC: 10    Str: 20    XL:     4   Next: 86%
Magic:  4/4        EV:  7    Int:  9    God:
Gold:   103        SH:  9    Dex:  9    Spells: 3/3 levels left

rFire    . . .     SeeInvis .   a - +0 flail
rCold    . . .     Faith    .   c - +0 kite shield
rNeg     + . .     Spirit   .   b - +0 scale mail
rPois    ∞         Reflect  .   (no helmet)
rElec    +         Harm     .   (no cloak)
rCorr    .         Rampage  .   (no gloves)
Will     .....                  (no boots)
Stlth    ..........             (no amulet)
HPRegen  0.09/turn              l - ring of wizardry
MPRegen  0.09/turn              (no ring)

@: no status effects
A: negative energy resistance 1, electricity resistance, unbreathing,
petrification resistance, miasma immunity, AC +3
a: no special abilities


You were on level 3 of the Dungeon.
You visited 1 branch of the dungeon, and saw 3 of its levels.

You collected 103 gold pieces.

Inventory:

Hand Weapons
 a - a +0 flail (weapon)
Armour
 b - a +0 scale mail (worn)
 c - a +0 kite shield (worn)
Jewellery
 l - a ring of wizardry (left hand)
Wands
 m - a wand of digging (4)
Scrolls
 e - a scroll of identify {unknown}
 g - 2 scrolls of enchant armour {unknown}
 h - 2 scrolls of remove curse {unknown}
 j - a scroll of noise {unknown}
 k - a scroll of immolation {unknown}
 n - a scroll of teleportation {unknown}
 o - a scroll of fog {unknown}
Potions
 d - a potion of might
 f - a potion of invisibility {unknown}
 i - a potion of curing {unknown}


   Skills:
 + Level 3.7 Fighting
 * Level 3.3 Maces & Flails
 + Level 3.8 Armour
 * Level 4.4 Shields


You had 3 spell levels left.
You didn't know any spells.
Your spell library was empty.

Dungeon Overview and Level Annotations

Branches:
Dungeon (3/15)

Altars:
Trog


Innate Abilities, Weirdness & Mutations

You are resistant to torment.
Your stone body is resilient. (AC +3)
You are immune to poison.
You resist negative energy. (rN+)
You are resistant to electric shocks. (rElec)
You can survive without breathing.
You are immune to petrification.
You are immune to miasma.


Message History

The orc wizard is moderately wounded.
The orc wizard barely misses you.
The orc wizard hits you with a +0 dagger.
* * * LOW HITPOINT WARNING * * *
The orc wizard mumbles some strange words.
The orc wizard blinks!
Okay, then.
Something hits you but does no damage.
The orc wizard casts a spell.
The orc wizard blinks!
Something hits you but does no damage. The orc hits you but does no damage.
Something hits you but does no damage. You block the orc's attack.
You hit the orc.
The orc is severely wounded.
You feel yourself speed up. Something hits you but does no damage.
The orc barely misses you.
You hear some strange, mumbled words.
A puff of frost appears from out of thin air!
The puff of frost hits you!
You die...

#.# ##...## # #.# ##.## #
###########.# #.# #
............# #.# #
#######.##### #.# # #.# #.#
# #.# ####.# #.# #{...#
###.# #@#### #...# #o#
#.########o############
#.##.....o.......##...#####
#.##.#####.#####.##........
#.##.# #............#####
#.##.# #.#####.###### #
#.##.# #.# #.# #
#.##.#####†#####.# #


You could see an orc wizard (fast) and 2 orcs.

Vanquished Creatures
  A worker ant (D:3)
  3 adders
  An ooze (D:3)
  A worm (D:3)
  3 leopard geckos
  An orc (D:3)
  4 bats
  2 giant cockroaches
  8 goblins
  3 hobgoblins (D:1)
  8 kobolds
  A ball python (D:1)
  2 frilled lizards (D:1)
  12 rats
50 creatures vanquished.

Notes
Turn   | Place    | Note
-------+----------+-------------------------------------------
     0 | D:1      | phalm the Gargoyle Fighter began the quest for the Orb.
     0 | D:1      | Reached XP level 1. HP: 14/14 MP: 1/1
   162 | D:1      | Reached XP level 2. HP: 19/19 MP: 2/2
   305 | D:1      | Reached XP level 3. HP: 19/23 MP: 3/3
   914 | D:2      | Found a bloodstained altar of Trog.
   940 | D:2      | Reached skill level 4 in Shields
  1295 | D:3      | Reached XP level 4. HP: 22/28 MP: 4/4
  1809 | D:3      | Killed from afar by an orc wizard

Illustrated notes

Levels and vault maps discovered:
D:1:      shiori_arrival_maze, layout_rooms
D:2:      layout_basic, trog_hazing_becter
D:3:      layout_loops_ring, gammafunk_ghost_nasty_kobolds

Skill      XL: |  1  2  3  4 |
---------------+-------------+-----
Shields        | 4 |  4.4
Maces & Flails | 3 |  3.3
Fighting       | |  3.7
Armour         | |  3.8

Action                   |  1- 3 |  4- 6 || total
-------------------------+-------+-------++-------
Melee: Flail             |   136 |    62 ||   198
Armor: Scale mail        |    84 |    50 ||   134
Dodge: Dodged            |    59 |    30 ||    89
Block: Kite shield       |    97 |    46 ||   143
